 Dungeon Crawl Stone Soup version 0.28-a0-1404-g4df0f3684d (webtiles) character file.

Game seed: 1639226221169370393

1135 fragbeetle the Cudgeller (level 8, 0/78 HPs)
             Began as a Troll Berserker on Jan 5, 2022.
             Was a Priest of Trog.
             Slain by an ogre (17 damage)
             ... on level 6 of the Dungeon.
             The game lasted 00:15:07 (5110 turns).

fragbeetle the Cudgeller (Troll Berserker)          Turns: 5110, Time: 00:15:07

Health: 0/78       AC:  4    Str: 26    XL:     8   Next: 14%
Magic:  7/7        EV: 14    Int:  5    God:    Trog [***...]
Gold:   265        SH:  0    Dex:  9    Spells: 7/7 levels left

rFire   . . .      SeeInvis .   a - +0 mace
rCold   . . .      Faith    .   (no shield)
rNeg    . . .      Spirit   .   b - +0 animal skin
rPois   .          Reflect  .   (helmet restricted)
rElec   .          Harm     .   (no cloak)
rCorr   .          Rampage  .   (gloves unavailable)
Will    .....                   (boots unavailable)
Stlth   +.........              (no amulet)
HPRegen 1.03/turn               y - +4 ring of evasion
MPRegen 0.10/turn               (no ring)

@: no status effects
A: large, unfitting armour, claws 3, regeneration 1, shaggy fur 1, tough skin 1
a: Renounce Religion, Berserk, Trog's Hand


You were on level 6 of the Dungeon.
You worshipped Trog.
Trog was most pleased with you.
You visited 1 branch of the dungeon, and saw 6 of its levels.

You collected 265 gold pieces.

Inventory:

Hand Weapons
 a - a +0 mace (weapon)
Missiles
 c - 111 stones
 h - 29 poisoned darts
 s - 2 datura-tipped darts
 w - 2 boomerangs (quivered)
Armour
 b - a +0 animal skin (worn)
Jewellery
 k - an amulet of the acrobat
 y - a +4 ring of evasion (left claw)
 B - an amulet of magic regeneration
Wands
 r - a wand of digging (4)
Scrolls
 f - 2 scrolls of enchant weapon {unknown}
 g - a scroll of immolation {unknown}
 j - 2 scrolls of identify {unknown}
 m - 5 scrolls of teleportation {unknown}
 n - a scroll of amnesia {unknown}
 o - a scroll of enchant armour {unknown}
 t - 2 scrolls of silence {unknown}
 u - a scroll of brand weapon {unknown}
 v - 2 scrolls of vulnerability {unknown}
 D - a scroll of noise {unknown}
 E - a scroll of blinking {unknown}
 F - a scroll of holy word {unknown}
Potions
 d - 3 potions of heal wounds {unknown}
 e - a potion of mutation {unknown}
 i - 2 potions of degeneration {unknown}
 l - a potion of cancellation {unknown}
 p - 8 potions of curing {unknown}
 q - a potion of might {unknown}
 x - 3 potions of brilliance {unknown}
 z - 2 potions of resistance {unknown}
 A - a potion of haste {unknown}
 C - a potion of magic {unknown}


   Skills:
 + Level 4.2 Fighting
 * Level 6.0 Maces & Flails
 + Level 3.5 Throwing
 + Level 4.1 Dodging
 + Level 1.5 Evocations


You had 7 spell levels left.
You didn't know any spells.
Your spell library was empty.

Dungeon Overview and Level Annotations

Branches:
Dungeon (6/15)
 Temple: D:4-7

Altars:
Cheibriados
Fedhas
Gozag
Okawaru
Uskayaw
Zin

Annotations:
D:5 3 runed translucent doors, dolemite99's ghost, amateur MiFi; sirJeffrey23's ghost, amateur DsGl


Innate Abilities, Weirdness & Mutations

You are too large for most types of armour.
You have claws for hands.
Your natural rate of healing is unusually fast.
You are covered in fur. (AC +1)
You have tough skin. (AC +1)


Message History

You sock the adder!
The adder is severely wounded.
The adder closely misses you. The adder barely misses you.
You closely miss the adder.
The adder is severely wounded.
The adder closely misses you.
You sock the adder!
You kill the adder!
Trog accepts your kill.
You see here an adder corpse.
There is a stone staircase leading up here.
d - 3 white potions (gained 1)
An ogre comes into view. It is wielding a +0 giant club.
The ogre shouts!
The ogre moves out of view.
You hit the ogre but do no damage. The ogre hits you with a +0 giant club!
You barely miss the ogre.
The ogre hits you with a +0 giant club!!
You hit the ogre.
The ogre is moderately wounded.
The ogre hits you with a +0 giant club!!
* * * LOW HITPOINT WARNING * * *
You hit the ogre.
The ogre is heavily wounded.
You hit the ogre.
The ogre is heavily wounded.
The ogre barely misses you.
You hit the ogre.
The ogre is severely wounded.
The ogre completely misses you.
You hit the ogre.
The ogre is severely wounded.
The ogre barely misses you.
You barely miss the ogre.
The ogre is severely wounded.
The ogre closely misses you.
You hit the ogre but do no damage.
The ogre is severely wounded.
The ogre hits you with a +0 giant club!
You die...

#....## ##... #...##
..... ##...#
.....#######...##
..........##..##
..............##
...............##
................##
......O@.........##
......##..........###
...## #>........†...#
. #...........#..#
#...........###.#
#......<....# ..
#..........## ..
#..........# ...
#.........## ....


You could see an ogre.

Vanquished Creatures
  A necrophage (D:6)
  A lemure (D:6)
  A phantom (D:5)
  2 scorpions
  A water moccasin zombie (D:6)
  A wyvern skeleton (D:5)
  A water moccasin skeleton (D:4)
  A centaur zombie (D:6)
  A jelly (D:4)
  4 orc priests
  4 hounds
  Ijyb (D:3)
  Terence (D:3)
  3 iguanas
  Natasha (thrice) (D:3)
  A hound skeleton (D:4)
  7 adders
  3 gnolls (D:4)
  A howler monkey skeleton (D:5)
  An adder skeleton (D:4)
  3 worms
  A dart slug (D:5)
  16 orcs
  6 endoplasms
  6 giant cockroaches
  12 goblins
  5 hobgoblins
  3 quokkas
  8 ball pythons
  5 bats
  5 frilled lizards
  4 kobolds
  4 rats
117 creatures vanquished.

Vanquished Creatures (others)
  A fungus (D:1)
  3 plants (D:3)
4 creatures vanquished.

Grand Total: 121 creatures vanquished

Notes
Turn   | Place    | Note
-------+----------+-------------------------------------------
     0 | D:1      | fragbeetle the Troll Berserker began the quest for the Orb.
     0 | D:1      | Reached XP level 1. HP: 22/22 MP: 0/0
    90 | D:1      | Found a faded altar of an unknown god.
   291 | D:1      | Reached XP level 2. HP: 28/29 MP: 1/1
   355 | D:1      | Reached skill level 3 in Maces & Flails
   885 | D:1      | Reached ** piety under Trog
  1163 | D:2      | Reached XP level 3. HP: 36/36 MP: 2/2
  1372 | D:2      | Reached skill level 1 in Throwing
  1811 | D:3      | Found a blossoming altar of Fedhas.
  1858 | D:3      | Noticed Terence
  1870 | D:3      | Killed Terence
  1871 | D:3      | Reached XP level 4. HP: 44/44 MP: 3/3
  1919 | D:3      | Found an iron altar of Okawaru.
  2127 | D:3      | Noticed Ijyb
  2140 | D:3      | Killed Ijyb
  2141 | D:3      | Reached XP level 5. HP: 53/53 MP: 4/4
  2142 | D:3      | Reached skill level 4 in Maces & Flails
  2323 | D:3      | Found a hide-covered altar of Uskayaw.
  2532 | D:3      | Noticed Natasha
  2540 | D:3      | Killed Natasha
  2690 | D:3      | Found an iron altar of Okawaru.
  2888 | D:3      | Noticed Natasha
  2898 | D:3      | Killed Natasha
  2899 | D:3      | Found a blossoming altar of Fedhas.
  2901 | D:3      | Noticed Natasha
  2910 | D:3      | Killed Natasha
  3011 | D:4      | Reached XP level 6. HP: 61/61 MP: 5/5
  3216 | D:4      | Reached *** piety under Trog
  3669 | D:4      | Reached skill level 5 in Maces & Flails
  3669 | D:4      | Reached XP level 7. HP: 64/67 MP: 6/6
  3872 | D:5      | Entered Level 5 of the Dungeon
  3940 | D:5      | Found a snail-covered altar of Cheibriados.
  4182 | D:5      | Found a runed translucent gate.
  4183 | D:5      | Found a runed translucent gate.
  4188 | D:5      | Found a runed translucent gate.
  4189 | D:5      | Noticed sirJeffrey23's ghost (amateur DsGl)
  4189 | D:5      | Noticed dolemite99's ghost (amateur MiFi)
  4348 | D:5      | Found an opulent altar of Gozag.
  4348 | D:5      | Found a glowing silver altar of Zin.
  4478 | D:5      | Reached skill level 1 in Evocations
  4838 | D:6      | Reached XP level 8. HP: 65/78 MP: 7/7
  4929 | D:6      | Reached skill level 6 in Maces & Flails
  5110 | D:6      | Slain by an ogre

Illustrated notes

Levels and vault maps discovered:
D:1:      dpeg_arrival_simpleton_a, layout_basic,
          shapermc_ecumenical_altar_ellora, st_stairs_11, roderic_lattice_a
D:2:      layout_loops_ring
D:3:      layout_basic, nicolae_uskayaw_dance_hall,
          mainiacjoe_overflow_boulevard, mainiacjoe_overflow_24_doors,
          uniq_ijyb, uniq_terence, uniq_natasha
D:4:      layout_basic
D:5:      layout_loops_ring, grunt_temple_overflow_gold_and_silver,
          mainiacjoe_overflow_cross_hatched, gammafunk_ghost_cemetery,
          hangedman_decor_slide_cut, minmay_misc_feat_secret_circle
D:6:      layout_cave_pods, trog_hazing_becter, uniq_pikel

Skill      XL: |  1  2  3  4  5  6  7  8 |
---------------+-------------------------+-----
Maces & Flails | 3 4 5 6 |  6.0
Throwing       | 1 2 3 |  3.5
Fighting       | 3 4 |  4.2
Dodging        | 3 4 |  4.1
Evocations     | 1 |  1.5

Action                   |  1- 3 |  4- 6 |  7- 9 || total
-------------------------+-------+-------+-------++-------
Melee: Mace              |   147 |   179 |   167 ||   493
       Punch             |       |     2 |     3 ||     5
Throw: Dart              |     5 |       |       ||     5
       Boomerang         |       |     5 |       ||     5
Invok: Berserk           |     1 |     4 |     2 ||     7
       Trog's Hand       |       |       |     1 ||     1
 Stab: Sleeping          |     1 |       |       ||     1
Armor: Animal skin       |    53 |    34 |    34 ||   121
Dodge: Dodged            |    84 |    86 |   130 ||   300

Table legend: (Time is in decaauts)
 A = Elapsed time spent in this place.
 B = Non-inter-level travel time spent in this place.
 C = Inter-level travel time spent in this place.
 D = Time resting spent in this place.
 E = Time spent auto-exploring this place.
 F = Levels seen in this place.
 G = Mean time per level.
                   A        B        C        D        E       F      G
               +--------+--------+--------+--------+--------+-----+--------+
         Total |   5278 |   5162 |    116 |    222 |   3319 |   6 |  879.7 |
       Dungeon |   5278 |   5162 |    116 |    222 |   3319 |   6 |  879.7 |
               +--------+--------+--------+--------+--------+-----+--------+

Top non-repeatable levels by time:
     D:3: 1168 daAuts
     D:1: 1152 daAuts
     D:4: 968 daAuts
     D:5: 953 daAuts
     D:2: 710 daAuts
     D:6: 326 daAuts
